 Dungeon Crawl Stone Soup version 0.31.0-11-ge490571c62 (webtiles) character file.

Game seed: 4524081940888190227

306 Warped the Chopper (level 6, -7/38 HPs)
             Began as a Gargoyle Gladiator on Jan 27, 2024.
             Mangled by Biggs's ghost (9 damage)
             ... on level 3 of the Dungeon.
             The game lasted 00:02:41 (1863 turns).

Warped the Chopper (Gargoyle Gladiator)             Turns: 1863, Time: 00:02:42

Health: -7/38      AC: 15    Str: 19    XL:     6   Next: 39%
Magic:  6/6        EV:  8    Int:  9    God:
Gold:   110        SH:  0    Dex: 11    Spells: 5/5 levels left

rFire   . . .        a - +0 war axe
rCold   . . .        (no shield)
rNeg    + . .        k - +0 chain mail
rPois   ∞            c - +0 helmet
rElec   +            f - +0 cloak
rCorr   .            i - +0 pair of gloves
SInv    .            (no boots)
Will    +....        s - amulet of the acrobat Stlth
                     (no ring)
HPRegen 0.26/turn    (no ring)
MPRegen 0.10/turn

%: acrobat
@: enlightened, flying, hasted, very quick
A: sickness immunity, AC +4, negative energy resistance 1, electricity
resistance, torment resistance 1, petrification resistance
a: no special abilities


You were on level 3 of the Dungeon.
You visited 1 branch of the dungeon, and saw 3 of its levels.

You collected 110 gold pieces.

Inventory:

Hand Weapons
 a - a +0 war axe (weapon)
 b - a +2 mace of venom
 g - a +2 dagger of venom
Missiles
 d - 2 throwing nets (quivered)
 e - a javelin
 j - 4 boomerangs
 m - 19 stones
Armour
 c - a +0 helmet (worn)
 f - a +0 cloak (worn)
 i - a +0 pair of gloves (worn)
 k - a +0 chain mail (worn)
Jewellery
 s - an amulet of the acrobat (around neck)
Scrolls
 h - 2 scrolls of identify {unknown}
 q - a scroll of fear {unknown}
 r - a scroll of teleportation {unknown}
Potions
 l - a potion of attraction {unknown}
 n - a potion of lignification {unknown}
 p - a potion of enlightenment


   Skills:
 + Level 4.3 Fighting
 * Level 5.2 Axes
 - Level 1.7 Throwing
 + Level 1.0 Armour
 + Level 2.6 Dodging


You had 5 spell levels left.
You didn't know any spells.
Your spell library contained the following spells:

 Spells                   Type           Power      Damage    Failure   Level
 Summon Small Mammal      Summ           0%         N/A       98%         1
 Call Canine Familiar     Summ           0%         N/A       100%        3
 Summon Blazeheart Golem  Fire/Summ      0%         N/A       100%        4


Dungeon Overview and Level Annotations

Branches:
Dungeon (3/15)

Altars:
Sif Muna

Shops:
D:3 (

Annotations:
D:3 Biggs's ghost, amateur FeSh


Innate Abilities, Weirdness & Mutations

You are immune to sickness and miasma.
Your stone body is resilient. (AC +4)
You are immune to poison.
You resist negative energy. (rN+)
You are resistant to electric shocks. (rElec)
You are resistant to unholy torment.
You are immune to petrification.


Message History

You barely miss Biggs's ghost.
Biggs's ghost is moderately damaged.
Biggs's ghost hits you!
You sock Biggs's ghost!
Biggs's ghost is severely damaged.
Biggs's ghost hits you.
Your +2 mace of venom stops dripping with poison.
a - a +0 war axe (weapon)
Biggs's ghost says, "You will never get the ORB!"
Biggs's ghost hits you.
You miss Biggs's ghost.
Biggs's ghost is severely damaged.
Biggs's ghost hits you.
You barely miss Biggs's ghost.
Biggs's ghost is severely damaged.
Biggs's ghost hits you.
* * * LOW HITPOINT WARNING * * *
You barely miss Biggs's ghost.
Biggs's ghost is severely damaged.
Biggs's ghost barely misses you.
Okay, then.
Throw: 4 throwing nets
Press: ? - help, Q - select action, (/) - cycle Shift-Dir - straight line, f - Biggs's ghost
Aim: Biggs's ghost (severely damaged, 19% to hit, immune to nets)
You throw a throwing net.
The throwing net barely misses Biggs's ghost.
Biggs's ghost hits you but does no damage.
Throw: 3 throwing nets
Press: ? - help, Q - select action, (/) - cycle Shift-Dir - straight line, f/p - Biggs's ghost
Aim: Biggs's ghost (severely damaged, 19% to hit, immune to nets)
You throw a throwing net.
The throwing net closely misses Biggs's ghost.
Biggs's ghost hits you!
* * * LOW HITPOINT WARNING * * *
It was a potion of enlightenment.
You feel very buoyant.
You fly up into the air.
Biggs's ghost hits you but does no damage.
It was a potion of haste.
You feel yourself speed up. Biggs's ghost hits you!
You die...

######### #...8.(.#
#♣(.....# #.(..(..#
#..(....#
#(...?(.############
###''W####.........#
######
#)....@.##.........#
###...)#
#.......##.........#
.......#
###..#####>........#
.......# #.##
#.........# .......#
#.# #.......†.#
.......######%###
#.........#
.†..............#
#..>....†.# ##
.........##...####
######.#.## #.
.......#.#.......####
#...## #.


You could see Biggs's ghost.

Vanquished Creatures
  Sigmund (D:2)
  A bombardier beetle (D:3)
  A gnoll (D:1)
  4 adders (D:3)
  3 dart slugs
  2 endoplasms
  2 giant cockroaches
  9 goblins
  7 hobgoblins
  2 jackals (D:2)
  A quokka (D:3)
  5 ball pythons
  4 bats
  A frilled lizard (D:1)
  4 kobolds
  4 rats
51 creatures vanquished.

Notes
Turn   | Place    | Note
-------+----------+-------------------------------------------
     0 | D:1      | Warped the Gargoyle Gladiator began the quest for the Orb.
     0 | D:1      | Reached XP level 1. HP: 12/12 MP: 1/1
    39 | D:1      | Reached skill level 3 in Axes
    46 | D:1      | Reached XP level 2. HP: 17/18 MP: 2/2
   340 | D:1      | Reached XP level 3. HP: 20/22 MP: 3/3
   660 | D:2      | Noticed Sigmund
   668 | D:2      | Killed Sigmund
   669 | D:2      | Reached skill level 5 in Axes
   669 | D:2      | Reached XP level 4. HP: 29/29 MP: 4/4
   669 | D:2      | Reached XP level 5. HP: 33/33 MP: 5/5
  1249 | D:2      | Reached XP level 6. HP: 27/38 MP: 6/6
  1562 | D:3      | Found a shimmering blue altar of Sif Muna.
  1710 | D:3      | Found Uppim's Antique Weapon Emporium.
  1736 | D:3      | Reached skill level 1 in Armour
  1765 | D:3      | Found a runed translucent gate.
  1765 | D:3      | Found a runed translucent gate.
  1765 | D:3      | Found a runed translucent gate.
  1769 | D:3      | Noticed Biggs's ghost (amateur FeSh)
  1863 | D:3      | Mangled by Biggs's ghost

Illustrated notes

Levels and vault maps discovered:
D:1:      psy_arrival_spokes, layout_rooms
D:2:      layout_basic, grunt_ministairs_8, uniq_sigmund
D:3:      layout_rooms, mainiacjoe_overflow_chevrons, serial_shops, shop,
          ebering_ghost_rock_garden

Skill      XL: |  1  2  3  4  5  6 |
---------------+-------------------+-----
Axes           | 3 5 |  5.2
Fighting       | 4 |  4.3
Armour         | 1 |  1.0
Throwing       | |  1.7
Dodging        | |  2.6

Action                     |  1- 3 |  4- 6 || total
---------------------------+-------+-------++-------
  Melee: Dagger            |    34 |       ||    34
         War axe           |     6 |     3 ||     9
         Mace              |    23 |    57 ||    80
  Throw: Throwing net      |       |     2 ||     2
    Use: Potion            |       |     2 ||     2
 Armour: Leather armour    |    42 |       ||    42
         Chain mail        |     6 |    50 ||    56
  Dodge: Dodged            |    46 |    27 ||    73
